Cogmind - Beta 14 @@@ ROGUE MODE // 2024.09.05 @ 18:28:01 Player: Null_error Result: Destroyed by Y-54 Guardian with Gatling Laser Performance ------------- Evolutions (3) 1500 Regions Visited (12) 2400 Robots Destroyed (30) 150 Value Destroyed (1014) 1014 Prototype IDs (17) 340 Alien Tech Used (0) 0 Bonus (881) 881 TOTAL SCORE: 6285 Bonus ------- Pacifist 270 Follower Combat Kills 111 Entered Garrisons 200 Met Data Miner 300 Cogmind --------- Core Integrity 0/700 Matter 295/300 Energy 599/600 System Corruption 8% Temperature Cool (15) Movement Flying (42) Location -6/Proximity Caves Parts ------- > --- POWER (2) -------- (None) > --- PROPULSION (3) --- Enhanced Flexi-carbon Leg Cooled VTOL Module > --- UTILITY (6) ------ Advanced Heat Sink Advanced Energy Well Makeshift Terrain Scan Processor Advanced ECM Suite > --- WEAPON (2) ------- (None) > --- INVENTORY (5) ---- Micro Nuclear Core Neutrino Core Compact Battery (200) Force Booster Remote Datajack Peak State ------------ > --- POWER ------------ Micro Nuclear Core Makeshift Power Source > --- PROPULSION ------- Improved Titanium Leg Cooled VTOL Module Cooled VTOL Module > --- UTILITY ---------- Compact Battery Makeshift Terrain Scan Processor Microactuators Advanced ECM Suite Makeshift Hacking Suite Component Analysis Suite > --- WEAPON ----------- Remote Datajack Great Axe > --- INVENTORY -------- Light Nuclear Core Light Nuclear Core Improved Deuterium Engine Cooled VTOL Module [Rating: 54] Favorites ----------- Power Ion Engine Engine Ion Engine Power Core Light Nuclear Core Propulsion Improved Carbon-fiber Leg Leg Improved Carbon-fiber Leg Wheel Wheel Flight Unit Cooled VTOL Module Utility Advanced ECM Suite Device Advanced ECM Suite Storage Large Storage Unit Processor Makeshift Terrain Scan Processor Hackware Makeshift Hacking Suite Weapon Great Axe Energy Gun Gatling Laser Energy Cannon Ion Cannon Ballistic Gun Light Assault Rifle Ballistic Cannon Heavy Assault Cannon Special Weapon Remote Datajack Impact Weapon Heavy Hammer Slashing Weapon Great Axe Special Melee Weapon Improved Datajack Build | -11 -10 -10 -10 -9 -8 -7 -7 -7 -7 -7 -7 -6 ------- Run | Yrd Mat Min Exi Min Mat Fac Gar Fac Low Low Dat Pro Slots Evolved 6 | . . . . . 4 2 . . . . . . Power 1 | . . . . . 1 . . . . . . . Propulsion 1 | . . . . . 1 . . . . . . . Utility 4 | . . . . . 2 2 . . . . . . Weapon . | . . . . . . . . . . . . . Parts Attached 105 | 6 1 . 2 4 32 15 1 16 8 4 . 16 Power 19 | 1 . . . . 8 . . 4 2 1 . 3 Engine 12 | 1 . . . . 7 . . 1 2 1 . . Core 7 | . . . . . 1 . . 3 . . . 3 Reactor . | . . . . . . . . . . . . . Propulsion 32 | 2 . . . . 9 6 . 3 2 2 . 8 Treads . | . . . . . . . . . . . . . Leg 20 | . . . . . 9 . . 1 2 2 . 6 Wheel 2 | 2 . . . . . . . . . . . . Hover . | . . . . . . . . . . . . . Flight 10 | . . . . . . 6 . 2 . . . 2 Utility 35 | 1 . . 2 2 10 6 1 5 3 1 . 4 Device 19 | . . . . 1 7 5 . 2 1 . . 3 Storage 7 | 1 . . 2 1 . . . 1 . 1 . 1 Processor 5 | . . . . . 3 1 . . 1 . . . Hackware 4 | . . . . . . . 1 2 1 . . . Protection . | . . . . . . . . . . . . . Artifact . | . . . . . . . . . . . . . Weapon 19 | 2 1 . . 2 5 3 . 4 1 . . 1 Energy Gun 3 | . . . . . . 2 . . 1 . . . Energy Cannon 3 | . . . . . 2 . . 1 . . . . Ballistic Gun 4 | 2 . . . 1 1 . . . . . . . Ballistic Cannon 2 | . . . . . 1 1 . . . . . . Launcher . | . . . . . . . . . . . . . Special Weapon 2 | . . . . . . . . 1 . . . 1 Impact Weapon 2 | . 1 . . 1 . . . . . . . . Slashing Weapon 2 | . . . . . . . . 2 . . . . Piercing Weapon . | . . . . . . . . . . . . . Special Melee Weapon 1 | . . . . . 1 . . . . . . . Unidentified Prototypes 6 | . . . . 1 1 1 . . . . . 3 Corrupted Parts 2 | . . . . . 1 . . . . . . 1 System Corruption 7 | . . . . . 1 . . . . . . 6 Parts Lost 34 | . . . . . 10 1 5 4 . 3 . 11 Power 9 | . . . . . 3 . 2 1 . 1 . 2 Propulsion 9 | . . . . . 3 . . 1 . 1 . 4 Utility 12 | . . . . . 3 1 2 2 . . . 4 Weapon 4 | . . . . . 1 . 1 . . 1 . 1 Highest Loss Streak 7 | . . . . . 7 1 5 2 . 3 . 4 To Critical Strikes 1 | . . . . . . . . 1 . . . . Average Slot Usage (%) 87 | . 85 85 92 100 89 90 85 80 99 96 92 54 Engine 10 | . 14 14 14 14 12 15 11 1 12 14 15 . Core 2 | . . . . . 4 . . 10 2 . . 1 Leg 12 | . . . . . 23 10 . 1 16 22 23 17 Wheel 6 | . 28 28 28 28 . . . . . . . . Flight 4 | . . . . . . 11 23 20 6 . . 1 Device 16 | . . . . 6 16 30 35 18 22 23 23 14 Storage 9 | . 14 14 21 21 9 5 . 3 7 7 7 7 Processor 5 | . . . . . 8 7 7 3 6 7 7 7 Hackware 3 | . . . . . . . 1 16 8 7 7 2 Ballistic Gun 3 | . 22 14 14 14 2 . . . . . . . Ballistic Cannon 1 | . . . . . 4 6 . . . . . . Impact Weapon 3 | . 5 14 14 14 4 . . . . . . . Slashing Weapon 1 | . . . . . . . . 1 7 7 7 . Peak Build Rating 54 | 6 6 6 7 18 39 49 46 46 54 51 43 45 Average Rating 33 | 4 6 6 6 13 32 42 43 41 51 47 43 34 On Entrance 26 | . 6 6 6 7 18 36 46 34 46 51 43 43 Naked Turns . | . . . . . . . . . . . . . Heaviest Build 49 | 12 13 13 15 33 48 49 20 23 25 34 34 34 Greatest Support 71 | 20 20 20 20 20 54 55 21 20 50 50 45 71 Greatest Overweight (x) 6 | 1 . . . 1 4 4 . 6 1 . . 2 Average Overweight (x) . | . . . . . . . . . . . . . Largest Inventory Capacity 15 | 8 8 8 8 15 15 15 5 5 5 10 10 10 Average Capacity 9 | 6 8 8 8 14 15 13 5 5 5 6 10 8 Most Carried 15 | 2 4 5 6 14 15 15 5 5 5 7 6 10 Average Carried 8 | 1 3 4 5 12 13 12 5 4 4 5 6 8 Final Capacity 15 | 8 8 8 8 15 15 5 5 5 5 10 10 5 Final Carried 15 | 2 4 5 6 14 15 5 5 2 5 6 6 5 Class Distribution -------------------- 59% | Mutant 21% | Derelict-Mutant 10% | Hacker-Mutant 3% | Sprinter Dominant Class ---------------- Mutant | -10/Materials Mutant | -10/Mines Mutant | -10/Exiles Mutant | -9/Mines Mutant | -8/Materials Mutant | -7/Factory Sprinter | -7/Garrison Hacker-Mutant | -7/Factory Derelict-Mutant | -7/Lower Caves Derelict-Mutant | -7/Lower Caves Derelict-Mutant | -7/Data Miner Mutant | -6/Proximity Caves Resources | -11 -10 -10 -10 -9 -8 -7 -7 -7 -7 -7 -7 -6 ----------- Run | Yrd Mat Min Exi Min Mat Fac Gar Fac Low Low Dat Pro Matter Collected 1714 | 260 . . 60 106 644 38 . 49 376 31 . 150 Remotely . | . . . . . . . . . . . . . Salvage Created 926 | . . . . . 596 49 . 49 . 232 . . Parts 58 | . . . . . 35 5 . 6 . 12 . . Haulers Intercepted . | . . . . . . . . . . . . . Recyclers Shooed . | . . . . . . . . . . . . . Parts Field Recycled . | . . . . . . . . . . . . . Retrieved Matter . | . . . . . . . . . . . . . Parts Self-Destructed 14 | . . . . . . . . . 2 8 . 4 Prevented . | . . . . . . . . . . . . . Kills | -11 -10 -10 -10 -9 -8 -7 -7 -7 -7 -7 -7 -6 ------- Run | Yrd Mat Min Exi Min Mat Fac Gar Fac Low Low Dat Pro Combat Hostiles Destroyed 26 | . . . . . 18 1 . 1 . 6 . . Melee 9 | . . . . . 4 . . 1 . 4 . . Guns 4 | . . . . . 2 . . . . 2 . . Cannons 10 | . . . . . 9 1 . . . . . . Classes Destroyed 8 | . . . . . 5 1 . . . 2 . . Recycler 1 | . . . . . 1 . . . . . . . Watcher 3 | . . . . . 2 1 . . . . . . Swarmer 9 | . . . . . 7 . . . . 2 . . Grunt 8 | . . . . . 6 . . . . 2 . . Duelist 1 | . . . . . . . . . . 1 . . Sentry 5 | . . . . . 5 . . . . . . . Programmer 2 | . . . . . . 1 . 1 . . . . Thief 1 | . . . . . . . . . . 1 . . Best Kill Streak 8 | . . . . . 8 1 . 1 . 3 . . Combat Bots Only 4 | . . . . . 4 1 . 1 . 3 . . Max Kills in Single Turn 1 | . . . . . 1 1 . 1 . 1 . . Gunslinging . | . . . . . . . . . . . . . Exploded . | . . . . . . . . . . . . . Melee 1 | . . . . . 1 . . 1 . 1 . . Uniques/NPCs Destroyed . | . . . . . . . . . . . . . Combat | -11 -10 -10 -10 -9 -8 -7 -7 -7 -7 -7 -7 -6 -------- Run | Yrd Mat Min Exi Min Mat Fac Gar Fac Low Low Dat Pro Hostile Shots Fired 429 | . . . . . 125 4 131 47 . 39 . 83 Missed 155 | . . . . . 27 1 67 17 . 12 . 31 Damage Taken 4243 | . . . . 40 1441 46 634 358 . 432 . 1292 Core 907 | . . . . 20 185 . 269 110 . 65 . 258 Absorbed by Shields 124 | . . . . . . . 77 47 . . . . Core Remaining (%) 86 | 100 . . . 92 66 . . . . . . . Volleys Fired 80 | . . . . . 63 4 4 . . 9 . . Largest 1 | . . . . . 1 1 1 . . 1 . . Hottest 80 | . . . . . 60 60 50 . . 80 . . Shots Fired 80 | . . . . . 63 4 4 . . 9 . . Gun 33 | . . . . . 20 . 4 . . 9 . . Cannon 47 | . . . . . 43 4 . . . . . . Launcher . | . . . . . . . . . . . . . Special . | . . . . . . . . . . . . . Kinetic 67 | . . . . . 63 4 . . . . . . Thermal 9 | . . . . . . . . . . 9 . . Explosive . | . . . . . . . . . . . . . Electromagnetic 4 | . . . . . . . 4 . . . . . Robot Hit Streak 10 | . . . . . 10 5 1 . . 3 . . Robot Miss Streak 8 | . . . . . 4 . 2 . . 8 . . Penetration Max . | . . . . . . . . . . . . . Secondary Targets . | . . . . . . . . . . . . . Shots Hit Robots 75 | . . 1 . . 50 4 1 1 . 17 . 1 Core Hits 35 | . . . . . 20 2 . 1 . 12 . . Critical Kills . | . . . . . . . . . . . . . Critical Parts Destroyed 3 | . . . . . 3 . . . . . . . Critical Strikes 10 | . . . . . 6 1 . . . 3 . . Destroy 1 | . . . . . 1 . . . . . . . Blast 4 | . . . . . 3 1 . . . . . . Smash 2 | . . . . . 2 . . . . . . . Sever 3 | . . . . . . . . . . 3 . . Melee Attacks 32 | . . 1 . . 17 . . 1 1 11 . 1 Impact 17 | . . 1 . . 16 . . . . . . . Slashing 14 | . . . . . . . . 1 1 11 . 1 Piercing . | . . . . . . . . . . . . . Sneak Attacks 2 | . . 1 . . . . . . . . . 1 Combat Hostiles 1 | . . . . . . . . . . . . 1 Follow-up Attacks . | . . . . . . . . . . . . . Damage Inflicted 2850 | . . 50 . . 1935 216 15 48 . 521 . 65 Guns 491 | . . . . . 324 . 15 . . 152 . . Cannons 1450 | . . . . . 1234 216 . . . . . . Explosions . | . . . . . . . . . . . . . Melee 899 | . . 50 . . 377 . . 41 . 369 . 62 Ramming 10 | . . . . . . . . 7 . . . 3 Kinetic 1774 | . . . . . 1558 216 . . . . . . Thermal 152 | . . . . . . . . . . 152 . . Explosive . | . . . . . . . . . . . . . Electromagnetic 15 | . . . . . . . 15 . . . . . Impact 427 | . . 50 . . 377 . . . . . . . Slashing 472 | . . . . . . . . 41 . 369 . 62 Piercing . | . . . . . . . . . . . . . Highest Corruption 8 | . . . . 4 2 2 2 2 2 2 2 8 Average Corruption 2 | . . . . 4 1 2 1 2 2 2 2 2 Corruption Purged 2 | . . . . . . . 2 . . . . . Corruption Blocked . | . . . . . . . . . . . . . Effects 45 | . . . . 4 16 4 . 2 7 6 1 5 Message Errors 15 | . . . . 1 6 2 . 1 4 . . 1 Matter Fused 12 | . . . . 1 2 2 . 1 1 3 . 2 Heat Flow Errors 6 | . . . . 1 3 . . . . . 1 1 Energy Discharges 3 | . . . . . 1 . . . . 2 . . Parts Rejected 2 | . . . . . 1 . . . . . . 1 Parts Fused 1 | . . . . . . . . . 1 . . . Data Loss (minor) 5 | . . . . . 3 . . . 1 1 . . Alerts 1 | . . . . 1 . . . . . . . . Overload Shots . | . . . . . . . . . . . . . Overflow Damage 346 | . . 10 . . 291 26 . . . 17 . 2 Projectiles 206 | . . . . . 180 26 . . . . . . Explosions . | . . . . . . . . . . . . . Melee 140 | . . 10 . . 111 . . . . 17 . 2 Knockbacks 9 | . . 1 . . 6 2 . . . . . . Impact 1 | . . 1 . . . . . . . . . . Kinetic 8 | . . . . . 6 2 . . . . . . Secondary . | . . . . . . . . . . . . . Self-Inflicted Damage 3 | . . . . . . . . 3 . . . . Shots . | . . . . . . . . . . . . . Rammed 1 | . . . . . . . . 1 . . . . Targets Rammed 2 | . . . . . . . . 1 . . . 1 Kicked 1 | . . . . . . . . . . . . 1 Crushed . | . . . . . . . . . . . . . Highest Temperature 391 | . . . . 141 274 44 35 128 . 391 276 170 Average Temperature 93 | . . . . 71 68 19 24 46 . 228 144 47 Received Heat Transfer 1434 | . . . . . 639 . 174 93 . 153 . 375 Effects 2 | . . . . . . . . . . 2 . . Shutdowns 1 | . . . . . . . . . . 1 . . Damage (minor) 1 | . . . . . . . . . . 1 . . Siege Activations . | . . . . . . . . . . . . . Robots Corrupted 3 | . . . . . 3 . . . . . . . Combat Hostiles 3 | . . . . . 3 . . . . . . . Parts Fried 2 | . . . . . 2 . . . . . . . Impact Corruptions 7 | . . 1 . . 6 . . . . . . . Robots Melted . | . . . . . . . . . . . . . Combat Hostiles . | . . . . . . . . . . . . . Parts Melted 1 | . . . . . . . . . . 1 . . Heat Transferred 350 | . . . . . . . . . . 350 . . Parts Sabotaged . | . . . . . . . . . . . . . Parts Stolen . | . . . . . . . . . . . . . Parts Stripped . | . . . . . . . . . . . . . Power Chain Reactions . | . . . . . . . . . . . . . Alert | -11 -10 -10 -10 -9 -8 -7 -7 -7 -7 -7 -7 -6 ------- Run | Yrd Mat Min Exi Min Mat Fac Gar Fac Low Low Dat Pro Peak Influence 322 | . 15 5 . 45 322 141 288 209 . . . . Initial 151 | . . 5 . . . 95 98 151 . . . . Average 98 | . 1 5 . 13 131 98 148 133 . . . . Maximum Alert Level 1 | . . . . . 1 . 1 1 . . . . Low Security (%) 85 | 100 100 100 . 100 69 100 75 94 . . . . Level 1 14 | . . . . . 30 . 24 5 . . . . Level 2 . | . . . . . . . . . . . . . Level 3 . | . . . . . . . . . . . . . Level 4 . | . . . . . . . . . . . . . Level 5 . | . . . . . . . . . . . . . High Security . | . . . . . . . . . . . . . Max Security . | . . . . . . . . . . . . . Squads Dispatched 3 | . 1 . . . . 1 . 1 . . . . Investigation . | . . . . . . . . . . . . . Extermination 2 | . . . . . . 1 . 1 . . . . Reinforcement 1 | . 1 . . . . . . . . . . . Assault . | . . . . . . . . . . . . . Garrison . | . . . . . . . . . . . . . Intercept . | . . . . . . . . . . . . . Searches Triggered . | . . . . . . . . . . . . . Construction Impeded . | . . . . . . . . . . . . . Haulers Reinforced . | . . . . . . . . . . . . . Active Scanning Responses . | . . . . . . . . . . . . . Cargo Convoy Interrupts . | . . . . . . . . . . . . . Stealth | -11 -10 -10 -10 -9 -8 -7 -7 -7 -7 -7 -7 -6 --------- Run | Yrd Mat Min Exi Min Mat Fac Gar Fac Low Low Dat Pro Distress Signals 4 | . 1 . . . 3 . . . . . . . Communications Jammed . | . . . . . . . . . . . . . Distress Signals . | . . . . . . . . . . . . . Times Spotted 100 | . 2 . . 3 27 2 24 17 . 8 . 17 Peak Tracking Total 19 | . 3 . . 3 5 2 19 4 . 3 . 6 Tactical Retreats 19 | . . . . 1 3 . 4 6 . 2 . 3 Traps | -11 -10 -10 -10 -9 -8 -7 -7 -7 -7 -7 -7 -6 ------- Run | Yrd Mat Min Exi Min Mat Fac Gar Fac Low Low Dat Pro Traps Triggered 6 | . . . . . 1 1 3 1 . . . . Indirectly . | . . . . . . . . . . . . . Trap Hack Attempts . | . . . . . . . . . . . . . Triggered . | . . . . . . . . . . . . . Disarmed . | . . . . . . . . . . . . . Reprogrammed . | . . . . . . . . . . . . . Reused . | . . . . . . . . . . . . . Traps Extracted . | . . . . . . . . . . . . . Installed . | . . . . . . . . . . . . . Triggered . | . . . . . . . . . . . . . Machines | -11 -10 -10 -10 -9 -8 -7 -7 -7 -7 -7 -7 -6 ---------- Run | Yrd Mat Min Exi Min Mat Fac Gar Fac Low Low Dat Pro Machines Disabled 2 | . . . . . 2 . . . . . . . Max in Single Turn 1 | . . . . . 1 . . . . . . . Machines Repaired . | . . . . . . . . . . . . . Machines Dismantled . | . . . . . . . . . . . . . Machines Sabotaged . | . . . . . . . . . . . . . Overloaded Fab Kills . | . . . . . . . . . . . . . Hacking | -11 -10 -10 -10 -9 -8 -7 -7 -7 -7 -7 -7 -6 --------- Run | Yrd Mat Min Exi Min Mat Fac Gar Fac Low Low Dat Pro Machines Accessed 13 | . . . 4 . 2 1 . 2 . . 4 . Terminals 3 | . . . . . 2 . . 1 . . . . Fabricators 1 | . . . . . . . . 1 . . . . Repair Stations . | . . . . . . . . . . . . . Recycling Units . | . . . . . . . . . . . . . Scanalyzers . | . . . . . . . . . . . . . Garrison Access 1 | . . . . . . 1 . . . . . . Total Hacks 45 | . . . 4 . 4 1 . 6 . . 30 . Successful 44 | . . . 4 . 3 1 . 6 . . 30 . Failed 1 | . . . . . 1 . . . . . . . Catastrophic . | . . . . . . . . . . . . . Database Lockouts . | . . . . . . . . . . . . . Manual . | . . . . . . . . . . . . . Terminals 9 | . . . . . 4 . . 5 . . . . Fabricators 1 | . . . . . . . . 1 . . . . Repair Stations . | . . . . . . . . . . . . . Recycling Units . | . . . . . . . . . . . . . Scanalyzers . | . . . . . . . . . . . . . Garrison Access 1 | . . . . . . 1 . . . . . . Terminal Hacks 42 | . . . 4 . 3 . . 5 . . 30 . Record 20 | . . . 4 . 2 . . 3 . . 11 . Part Schematic 12 | . . . . . . . . . . . 12 . Robot Schematic 4 | . . . . . . . . . . . 4 . Robot Analysis 1 | . . . . . 1 . . . . . . . Prototype ID Bank 3 | . . . . . . . . . . . 3 . Emergency Access Points 1 | . . . . . . . . 1 . . . . Alert Level 1 | . . . . . . . . 1 . . . . Fabricator Hacks 1 | . . . . . . . . 1 . . . . Network Status 1 | . . . . . . . . 1 . . . . Repair Station Hacks . | . . . . . . . . . . . . . Recycling Unit Hacks . | . . . . . . . . . . . . . Scanalyzer . | . . . . . . . . . . . . . Garrison Access Hacks 1 | . . . . . . 1 . . . . . . Unlock Access 1 | . . . . . . 1 . . . . . . Unauthorized Hacks . | . . . . . . . . . . . . . Terminals . | . . . . . . . . . . . . . Fabricators . | . . . . . . . . . . . . . Repair Stations . | . . . . . . . . . . . . . Recycling Units . | . . . . . . . . . . . . . Scanalyzers . | . . . . . . . . . . . . . Garrison Access . | . . . . . . . . . . . . . Data Cores Recovered . | . . . . . . . . . . . . . Used . | . . . . . . . . . . . . . Hacking Detections 2 | . . . . . 1 . . 1 . . . . Full Trace Events . | . . . . . . . . . . . . . Feedback Events . | . . . . . . . . . . . . . Feedback Blocked . | . . . . . . . . . . . . . Robot Schematics Acquired 4 | . . . . . . . . . . . 4 . Robots Built . | . . . . . . . . . . . . . Authchips . | . . . . . . . . . . . . . Time . | . . . . . . . . . . . . . Total Robot Build Rating . | . . . . . . . . . . . . . Part Schematics Acquired 12 | . . . . . . . . . . . 12 . Parts Built . | . . . . . . . . . . . . . Authchips . | . . . . . . . . . . . . . Time . | . . . . . . . . . . . . . Total Part Build Rating . | . . . . . . . . . . . . . Parts Repaired . | . . . . . . . . . . . . . Time . | . . . . . . . . . . . . . Parts Recycled . | . . . . . . . . . . . . . Recycled Matter . | . . . . . . . . . . . . . Retrieved Matter . | . . . . . . . . . . . . . Retrieved Components . | . . . . . . . . . . . . . Parts Scanalyzed . | . . . . . . . . . . . . . Part Schematics Acquired . | . . . . . . . . . . . . . Parts Damaged . | . . . . . . . . . . . . . Bothacking | -11 -10 -10 -10 -9 -8 -7 -7 -7 -7 -7 -7 -6 ------------ Run | Yrd Mat Min Exi Min Mat Fac Gar Fac Low Low Dat Pro Used RIF Installer . | . . . . . . . . . . . . . Robots Hacked . | . . . . . . . . . . . . . Non-combat . | . . . . . . . . . . . . . Combat . | . . . . . . . . . . . . . Robot Hacks Applied . | . . . . . . . . . . . . . Relay Couplers Released . | . . . . . . . . . . . . . Fabnet Peak Effective % . | . . . . . . . . . . . . . Robots Rewired . | . . . . . . . . . . . . . Allies Hacked . | . . . . . . . . . . . . . Hacks Repelled . | . . . . . . . . . . . . . Allies | -11 -10 -10 -10 -9 -8 -7 -7 -7 -7 -7 -7 -6 -------- Run | Yrd Mat Min Exi Min Mat Fac Gar Fac Low Low Dat Pro Total Allies 1 | . . . . . . . . . . . . 1 Largest Group 1 | . . . . . . . . . . . . 1 Highest-Rated Group 96 | . . . . . . . . . . . . 96 Highest-Rated Ally 96 | . . . . . . . . . . . . 96 Total Orders . | . . . . . . . . . . . . . Ally Attacks 12 | . . . . . . . . . . . . 12 Total Damage 450 | . . . . . . . . . . . . 450 Kills 3 | . . . . . . . . . . . . 3 Allies Corrupted . | . . . . . . . . . . . . . Allies Melted . | . . . . . . . . . . . . . Intel | -11 -10 -10 -10 -9 -8 -7 -7 -7 -7 -7 -7 -6 ------- Run | Yrd Mat Min Exi Min Mat Fac Gar Fac Low Low Dat Pro Robot Analysis Total 1 | . . . . . 1 . . . . . . . Derelict Logs Recovered 5 | . . 1 . 1 . . . . 2 . . 1 Drone Launches . | . . . . . . . . . . . . . Drone Recoveries . | . . . . . . . . . . . . . Exploration | -11 -10 -10 -10 -9 -8 -7 -7 -7 -7 -7 -7 -6 ------------- Run | Yrd Mat Min Exi Min Mat Fac Gar Fac Low Low Dat Pro Turns Passed 5312 | 53 96 219 379 422 1322 364 147 630 578 408 109 585 Spaces Moved 4586 | 54 113 263 470 422 756 273 271 604 419 290 89 562 Core 10 | 5 . . . . . . . 5 . . . . Treads . | . . . . . . . . . . . . . Legs 2010 | . . . . . 719 95 . 43 419 290 89 355 Wheels 1354 | 49 113 263 470 422 37 . . . . . . . Hover . | . . . . . . . . . . . . . Flight 1212 | . . . . . . 178 271 556 . . . 207 Fastest Speed 23 | 50 80 80 80 80 95 29 29 23 123 123 123 42 Average Speed 96 | 78 80 80 80 94 132 119 29 59 132 123 123 92 Slowest Speed 375 | 100 80 80 80 95 330 375 35 350 200 125 123 175 Overloaded Moves 543 | . . . . . . . . 359 . . . 184 Propulsion Burnouts 1 | . . . . . . . . 1 . . . . Robots Hopped 5 | . . . . . . . 2 3 . . . . Cave-ins Triggered . | . . . . . . . . . . . . . Exploration Rate (%) 44 | 3 23 55 92 64 42 7 44 20 51 50 74 53 Regions Visited 12 Branch Regions 7 Pre-discovered Areas 2 | . . 1 . . . . . . . . 1 . Known Exits Taken 3 | . . . . . . 1 . 1 1 . . . Unknown Exits Taken 8 | 1 1 1 1 1 1 . . . . 1 1 . Scrap Searched 9 | . . . . 3 . . . . 3 2 . 1 Spaces Dug 2 | . . . . . 1 . . . 1 . . . Terrain Destroyed 24 | . . . . . 23 . . . 1 . . . Melee 2 | . . . . . 1 . . . 1 . . . Projectile 22 | . . . . . 22 . . . . . . . AOE . | . . . . . . . . . . . . . Terrain Rammed . | . . . . . . . . . . . . . Walls Destroyed . | . . . . . . . . . . . . . Machines Disabled . | . . . . . . . . . . . . . Actions | -11 -10 -10 -10 -9 -8 -7 -7 -7 -7 -7 -7 -6 --------- Run | Yrd Mat Min Exi Min Mat Fac Gar Fac Low Low Dat Pro Total 5289 | 61 117 269 471 442 958 303 329 869 439 315 88 628 Wait 388 | . 2 5 . 10 67 2 28 231 7 . . 36 Move 4560 | 53 112 262 469 421 754 272 263 597 418 289 88 562 Hop 5 | . . . . . . . 2 3 . . . . Pick Up 37 | 2 2 1 . 7 10 3 . 2 3 2 . 5 Fast Attach 41 | 6 . . 1 . 10 5 1 9 1 1 . 7 Attach 16 | . . . . . 6 2 . 1 . 1 . 6 Detach 5 | . . . . . 2 . . . . . . 3 Swap 48 | . 1 . 1 4 16 8 . 6 7 2 . 3 Drop 33 | . . . . . 12 7 . 8 2 . . 4 Fire 80 | . . . . . 63 4 4 . . 9 . . Melee 32 | . . 1 . . 17 . . 1 1 11 . 1 Ram 1 | . . . . . . . . 1 . . . . Kick 1 | . . . . . . . . . . . . 1 Crush . | . . . . . . . . . . . . . Escape Stasis 42 | . . . . . 1 . 31 10 . . . . Rewire . | . . . . . . . . . . . . . Trap . | . . . . . . . . . . . . . Miscellaneous . | . . . . . . . . . . . . . Route ------- -11/Scrapyard -10/Materials -10/Mines (discovered 3 exits: [*Mat x2] / *Exi) -10/Exiles -9/Mines -8/Materials -7/Factory (discovered 2 exits: Low / Gar) -7/Garrison (discovered 2 exits: *Fac x2) -7/Factory -7/Lower Caves -7/Lower Caves -7/Data Miner -6/Proximity Caves History --------- Turn | Location | Event 11 | -11/Scrapyard | Discovered new exit (range 15) 54 | -11/Scrapyard | Entered Materials 140 | -10/Materials | Discovered new exit (range 11) 150 | -10/Materials | Entered Mines 176 | -10/Mines | Learned location of Storage (-7) 196 | -10/Mines | Met a Derelict bent on vengeance 220 | -10/Mines | Learned 4 Materials zone layouts 234 | -10/Mines | YI-UF0 nonchalantly dropped a Grenade Launcher on the ground 264 | -10/Mines | Discovered new exit (range 12) 306 | -10/Mines | Build established: Mutant 347 | -10/Mines | Discovered new exit (range 6) 364 | -10/Mines | Deemed a non-threat by the Exiles lab entrance 365 | -10/Mines | Discovered new exit (range 5) 369 | -10/Mines | Entered Exiles 369 | -10/Exiles | Found Exiles lab abandoned 740 | -10/Exiles | Discovered new exit (range 10) 748 | -10/Exiles | Entered Mines 868 | -9/Mines | Assembled infested the area 873 | -9/Mines | Assisted by a Guerilla fighting off Assembled 982 | -9/Mines | Found a damaged Exp. Sensor Array with a note attached 984 | -9/Mines | Found Prototype Device 984 | -9/Mines | Identified Exp. Sensor Array 1160 | -9/Mines | Discovered new exit (range 10) 1170 | -9/Mines | Entered Materials 1170 | -8/Materials | Evolved 4 slots: Power x1, Propulsion x1, Utility x2 1301 | -8/Materials | Lost 7 parts (1p2n3u1w) 1813 | -8/Materials | Discovered new exit (range 7) 2492 | -8/Materials | Entered Factory 2492 | -7/Factory | Evolved 2 slots: Utility x2 2493 | -7/Factory | Identified exit to Lower Caves 2849 | -7/Factory | Identified exit to Garrison 2856 | -7/Factory | Entered Garrison 2862 | -7/Garrison | Triggered checkpoint 2898 | -7/Garrison | Triggered checkpoint 2938 | -7/Garrison | Triggered checkpoint 2947 | -7/Garrison | Discovered new exit (range 10) 2950 | -7/Garrison | Attempted to access garrison exit controls, blocked by remote lockdown 2966 | -7/Garrison | Triggered checkpoint 3000 | -7/Garrison | Discovered new exit (range 10) 3003 | -7/Garrison | Entered Factory 3023 | -7/Factory | Lost 5 parts (2p2u1w) 3420 | -7/Factory | Core integrity fell below 50% 3573 | -7/Factory | Discovered exit to Lower Caves (range 4) 3633 | -7/Factory | Entered Lower Caves 3666 | -7/Lower Caves | Build established: Hacker-Mutant 3696 | -7/Lower Caves | Found DCF Scrap (14 items) 4010 | -7/Lower Caves | Build established: Derelict-Mutant 4075 | -7/Lower Caves | Identified exit to Lower Caves 4211 | -7/Lower Caves | Entered another Lower Caves area 4505 | -7/Lower Caves | Lost 3 parts (1p1n1w) 4542 | -7/Lower Caves | Discovered new exit (range 8) 4619 | -7/Lower Caves | Entered Data Miner 4619 | -7/Data Miner | Discovered new exit (range 6) 4643 | -7/Data Miner | Met Data Miner 4681 | -7/Data Miner | Learned location of Section 7 (-2) 4681 | -7/Data Miner | Acquired the access code to Warlord's prototype stash 4701 | -7/Data Miner | Received God Mode back door access code from Data Miner 4728 | -7/Data Miner | Entered Proximity Caves 4748 | -6/Proximity Caves | Escorted by Enhanced Grunt 4773 | -6/Proximity Caves | Found Prototype Device 4773 | -6/Proximity Caves | Identified Exp. Thermal Shield 4815 | -6/Proximity Caves | Lost 4 parts (2p1u1w) 4991 | -6/Proximity Caves | Learned Factory interactive machine intel 5063 | -6/Proximity Caves | Build established: Mutant 5155 | -6/Proximity Caves | Core integrity fell below 20% 5185 | -6/Proximity Caves | Lost 3 parts (2n1u) 5248 | -6/Proximity Caves | Attracted the attention of an 0b10 checkpoint 5313 | -6/Proximity Caves | Destroyed by Y-54 Guardian with Gatling Laser Last Messages --------------- 05167_ Identified Adv. Energy Well. 05168_ Dropped Med. Storage Unit. 05174_ Mic. Nuclear Core severed. 05176_ Acquired 30 matter. 05194_ Mak. Flight Unit destroyed. 05196_ Critical hit (Burn: +37). 05198_ Acquired Mic. Nuclear Core. 05202_ Acquired Remote Datajack. 05218_ Acquired 25 matter. 05220_ Acquired Corrupted Neutrino Core. 05220_ Integrated Corrupted Neutrino Core (+6). 05236_ HF5CIUIUIXBTWQ5WBM> HECVXPV4VQLD 05241_ Acquired 10 matter. 05248_ Y-54 Guardian: "INTERCEPTING UNREGISTERED DERELICT." 05253_ System corrupted: Matter fused (-9). 05276_ Acquired 9 matter. 05277_ Dropped Neutrino Core. 05277_ Acquired Neutrino Core. 05309_ System corrupted: Matter fused (-5). Map ----- +----------------------------------------------------+ | ?????????????????????????????????????????????????? | | ?????????????????????????????????????????????????? | | ?????????????????????????????????????????????????? | | ?????????####????????????????????????????????????? | | ???????### #????????????????? ??????????????????? | | ??????## #?############ ????????????????? | | ??????# ### ????????????????? | | ??????# ????????????????? | | ?????## #######???????????????????????? | | ?##### %! ##?????????????????????????????? | | ## #####??????????????????????????? | | #??????????????????????????? | | ##??????????????????????????? | | ## ### ##???????????????????????????? | | ##### #### #????????????????????????????? | | ##???######## #????????????????????????????? | | #??????????# ##???????????????????????????? | | #??????## ## #???????????????????????????? | | ##???????###### #???????????????????????????? | | #?????????????# #???????????????????????????? | | ##?????????????## ######??????????????????????? | | ##???????????????# #??????????????????????? | | ##????????????????# #??????????????????????? | | ##?????###????????###### #??????????????????????? | | #????## ##????????????# #??????????????????????? | | #????# ##??????######Y@#??????????????????????? | | #????# #?????## ## #??????????????????????? | | #???## #?????# #??????????????????????? | | ##???# #?##### #??????????????????????? | | #???## ### ### #??????????????????????? | | #####" ###?# #??????????????????????? | | "%" ##???# #??????????????????????? | | * "## ### ##???? #??????????????????????? | | #### #######?###????? ??????????????????????? | | # % #?????????????? ?????????????????????? | | ##??????????????# ###????????????????????? | | ###???????????????######??????????????????????? | | ??????????????????????????????????????????????? | | ??????????????????????????????????????????????? | | ??????????????????????????????????????????????? | | ##???????????????????????????????????????????????? | | ?????????????????????????????????????????????????? | | ?????????????????????????????????????????????????? | | ?????????????????????????????????????????????????? | | ?????????????????????????????????????????????????? | | ?????????????????????????????????????????????????? | | ?????????????????????????????????????????????????? | | ?????????????????????????????????????????????????? | | ?????????????????????????????????????????????????? | | ?????????????????????????????????????????????????? | +----------------------------------------------------+ Best States ------------- Heat Dissipation 64 Energy Generation 27 Energy Capacity 650 Matter Stores 400 Matter Capacity 400 Sight Range 20 Robot Scan Range 15 Terrain Scan Density 210 ECM Strength 2 Jamming Range 12 Additional Mass Support 6 Resistance: TH 30 Melee Speed Boost 20 Evasion (%) 72 Melee Accuracy 5 Target Analysis 5 Offensive Hacking 11 Defensive Hacking 10 Authchip Count 1 Item Schematics ----------------- Combat Drone Bay | -7/Data Miner | Free Lgt. Regenerative Plating | -7/Data Miner | Free Biomechanical Wings | -7/Data Miner | Free Thermal Defense Suite | -7/Data Miner | Free Imp. Heavy Laser | -7/Data Miner | Free Antigrav System | -7/Data Miner | Free Adv. Shield Generator | -7/Data Miner | Free Hvy. Phase Cannon | -7/Data Miner | Free Phase Cannon | -7/Data Miner | Free Imp. Thermal Shield | -7/Data Miner | Free Imp. Arc Projector | -7/Data Miner | Free Imp. Heavy Treads | -7/Data Miner | Free Robot Schematics ------------------ R-10 Processor | -7/Data Miner | Free E-15 Imp | -7/Data Miner | Free X-62 Marksman | -7/Data Miner | Free Y-54 Guardian | -7/Data Miner | Free Fabricated ------------ Nothing Alien Tech Used ----------------- None Achievements -------------- Can't Catch Me The Oracle Challenges ------------ None Game ------ Seed TransmissionArmoredTrident Manual? 0 Play Time 01:25:27 Cumulative 14.0 hours Start 2024.09.05 @ 16:50:46 End 2024.09.05 @ 18:28:01 Sessions 15 Manual Loads 0 Difficulty Rogue Special Mode None Game No. 20 Rogue 20 Adventurer 0 Explorer 0 Win Type - Total 0 Types 0/0/0/0/0/0/0/0/0 Lore% 10 Gallery% 22 Achievement% 14 Wizard Run 0 Options --------- Layout 2 ASCII 0 Keyboard 1 Movement Numpad Keybinds 0 Fullscreen 2 Font 24/Smallcaps Map View 50x44 Zoom Use 0% Tactical HUD 1 Map Filters NONE Filters LOW_CONTRAST(13,24,33) Steam 1 RUN: 7883f7cd-8af7-4a97-a5b0-6edb362676f7